Map: Backwater LE

Players

Scarlett

  • Race: Zerg Zerg
  • Spawn Location: 5:00

Namshar - Winner!

  • Race: Zerg Zerg
  • Spawn Location: 11:00

Event: WCS Leipzig 2018

VOD

Have the link to the VOD?

Description

Time

  • Played on: Jan. 26, 2018, 2:26 p.m.
  • Length: 15:02

All games in this series

Show
View Real Time Build Order
Export as new Build Order

Scarlett Zerg 

Build Orders: Hatch First 

Get SALT Encoding   

  12  0:00  Drone  
  13  0:12  Overlord  
  13  0:17  Drone  
  14  0:30  Drone  
  14  0:31  Drone  
  16  0:36  Drone  
  17  0:51  Hatchery  
  17  0:54  Drone  
  17  0:58  Drone  
  17  1:04  Extractor  
  17  1:13  Spawning Pool  
  17  1:15  Drone  
  17  1:18  Drone  
  18  1:27  Drone  
  19  1:38  Overlord  
  19  1:51  Drone  
  20  1:59  Queen  
  22  2:01  Drone  
  22  2:04  Queen  
  22  2:05  Metabolic Boost  
  22  2:07  Zergling x2  
  26  2:12  Drone  
  26  2:14  Drone  
  28  2:24  Zergling x2  
  29  2:35  Hatchery  
  28  2:44  Baneling Nest  
  28  2:45  Drone  
  28  2:46  Drone  
  28  2:48  Overlord  
  29  2:53  Zergling x2  
  30  3:02  Drone x3  
  33  3:10  Drone x4  
  33  3:12  Drone  
  38  3:14  Drone  
  37  3:21  Zergling x4  
  37  3:24  Zergling x2  
  37  3:25  Zergling x2  
  41  3:31  Zergling x2  
  41  3:34  Zergling x2  
  42  3:44  Zergling x2  
  42  3:52  Zergling x14  
  46  3:56  Queen  
  46  4:00  Zergling x4  
  46  4:04  Drone  
  46  4:08  Baneling  
  45  4:12  Drone x2  
  45  4:13  Drone  
  45  4:16  Queen, Evolution Chamber  
  49  4:27  Overlord  
  49  4:31  Baneling x3  
  49  4:41  Zerg Ground Armor Level 1  
  49  4:43  Overlord  
  49  4:44  Queen  
  51  4:47  Drone  
  51  4:48  Drone x3  
  51  4:53  Roach Warren  
  51  4:57  Drone x2  
  51  4:58  Drone  
  50  5:10  Drone x4  
  50  5:11  Drone x2  
  56  5:14  Extractor  
  55  5:22  Baneling  
  55  5:26  Lair  
  55  5:27  Drone, Overlord  
  55  5:28  Drone x3  
  59  5:29  Extractor  
  59  5:31  Extractor  
  57  5:40  Overlord  
  57  5:48  Drone  
  57  5:49  Drone x10  
  68  6:01  Drone x2, Overlord  
  68  6:02  Drone x3  
  68  6:03  Extractor  
  72  6:08  Overlord  
  72  6:10  Roach x3  
  78  6:13  Roach x2  
  78  6:16  Overlord  
  82  6:20  Roach  
  82  6:21  Roach  
  82  6:24  Roach x2  
  90  6:27  Overseer  
  90  6:29  Roach, Glial Reconstitution  
  92  6:35  Roach x2  
  92  6:36  Zerg Missile Weapons Level 1  
  96  6:46  Overlord  
  96  6:53  Roach  
  96  6:54  Roach x4, Overlord x2  
  106  6:55  Overlord  
  106  7:03  Unknown, Overlord  
  106  7:05  Overlord  
  106  7:09  Drone  
  106  7:10  Drone x7  
  106  7:15  Roach x2  
  116  7:32  Hydralisk Den  
  116  7:34  Drone x3, Hatchery, Extractor  
  116  7:35  Overlord  
  116  7:36  Roach  
  116  7:37  Roach x5  
  128  7:41  Roach  
  132  7:44  Ravager x4  
  132  7:46  Roach  
  132  7:50  Roach x4  
  144  7:55  Roach x2  
  145  8:10  Roach  
  145  8:11  Roach x7  
  160  8:14  Overlord  
  160  8:23  Overlord  
  160  8:25  Muscular Augments  
  160  8:26  Drone  
  161  8:28  Lurker Den  
  161  8:30  Pneumatized Carapace  
  161  8:31  Overseer  
  158  8:39  Roach x5  
  168  8:48  Zerg Missile Weapons Level 2  
  168  8:53  Roach  
  168  8:54  Roach x3  
  174  9:00  Extractor  
  174  9:01  Overlord x2  
  169  9:06  Hydralisk x4  
  177  9:13  Overlord x2  
  177  9:16  Overlord  
  177  9:21  Roach x6  
  189  9:30  Hydralisk  
  189  9:31  Hydralisk x2  
  177  9:34  Hydralisk x3  
  177  9:37  Roach x2  
  185  9:42  Roach  
  185  9:43  Roach x2  
  186  9:47  Roach  
  186  9:48  Roach  
  190  9:56  Roach x2  
  184  10:03  Roach x3  
  184  10:06  Ravager  
  183  10:12  Roach x2  
  161  10:18  Roach x7  
  158  10:27  Roach x3  
  148  10:38  Roach x3  
  148  10:42  Ravager x2  
  154  10:45  Roach x2  
  154  10:47  Hatchery, Lurker  
  154  10:48  Roach  
  160  10:51  Roach  
  160  10:53  Roach x3  
  160  10:57  Lurker  
  169  10:58  Roach x3  
  155  11:13  Roach x6  
  155  11:18  Ravager x2  
  168  11:20  Ravager  
  168  11:25  Roach x3  
  176  11:27  Hydralisk  
  178  11:32  Extractor  
  178  11:37  Hydralisk  
  178  11:38  Hydralisk x4  
  187  11:45  Infestation Pit  
  186  11:53  Lurker  
  187  11:54  Overlord  
  170  12:15  Roach  
  170  12:16  Roach x13  
  170  12:21  Drone  
  191  12:26  Zerg Ground Armor Level 2  
  191  12:27  Hive  
  188  12:30  Drone x3  
  191  12:38  Hydralisk x4  
  191  12:42  Ravager  
  200  12:44  Overseer  
  200  12:53  Spine Crawler, Spore Crawler  
  198  13:01  Overseer  
  196  13:16  Hydralisk x3  
  196  13:17  Roach  
  196  13:18  Roach  
  196  13:22  Drone  
  196  13:23  Drone x12  
  188  13:29  Roach x2  
  188  13:30  Roach, Queen  
  188  13:33  Roach x2  
  188  13:34  Roach  
  186  13:37  Roach  
  186  13:38  Roach, Queen  
  190  13:49  Roach x3  
  192  14:01  Hydralisk x10  
  182  14:08  Roach x2  
  169  14:15  Roach  
  169  14:16  Roach x2  
  173  14:18  Roach  
  173  14:21  Roach x2  
  173  14:25  Roach  
  173  14:26  Roach  
  173  14:30  Roach x2  
  181  14:37  Roach x3  
  181  14:38  Roach x2  
  127  14:52  Hatchery  
  128  14:56  Unknown x14  
Show
View Real Time Build Order
Export as new Build Order

Namshar Zerg - Winner!

Build Orders: Hatch First 

Get SALT Encoding   

  12  0:00  Drone  
  13  0:12  Overlord  
  13  0:17  Drone  
  14  0:30  Drone x2  
  14  0:34  Drone  
  17  0:51  Hatchery  
  17  0:54  Drone  
  17  0:57  Drone  
  17  1:02  Extractor  
  17  1:12  Spawning Pool  
  17  1:15  Drone  
  17  1:18  Drone  
  18  1:27  Drone  
  19  1:38  Overlord  
  19  1:48  Drone  
  20  1:59  Zergling x2, Queen  
  23  2:02  Queen  
  23  2:03  Metabolic Boost  
  23  2:05  Zergling x2  
  26  2:11  Drone  
  26  2:15  Drone  
  28  2:21  Drone  
  29  2:25  Drone  
  30  2:35  Hatchery  
  29  2:42  Queen  
  31  2:46  Overlord  
  31  2:52  Zergling x4  
  31  2:55  Zergling x2  
  34  2:59  Zergling x4  
  36  3:08  Zergling x6  
  36  3:12  Zergling x4  
  39  3:29  Overlord  
  39  3:34  Drone x2  
  39  3:40  Evolution Chamber  
  40  3:55  Zergling x4  
  35  3:56  Zergling x12  
  35  4:00  Zergling x6  
  43  4:06  Zergling x2  
  44  4:10  Zerg Missile Weapons Level 1  
  44  4:16  Roach Warren  
  43  4:18  Drone x3  
  43  4:19  Drone, Evolution Chamber  
  46  4:25  Drone  
  46  4:29  Drone x2  
  49  4:32  Drone  
  50  4:40  Drone x4  
  53  4:50  Drone, Overlord  
  53  4:51  Drone x2  
  53  4:52  Drone  
  52  4:58  Drone x3  
  49  5:02  Queen  
  51  5:09  Lair  
  51  5:15  Drone  
  51  5:16  Drone x3  
  51  5:17  Overlord  
  51  5:19  Drone  
  55  5:21  Drone x2  
  55  5:25  Drone  
  55  5:26  Drone x3  
  60  5:28  Extractor  
  60  5:32  Extractor x2  
  60  5:33  Extractor  
  60  5:34  Extractor, Overlord  
  55  5:35  Drone  
  55  5:36  Drone x2  
  59  5:42  Drone  
  59  5:43  Drone x4  
  63  5:50  Overlord  
  63  5:54  Overlord  
  63  6:03  Drone x2  
  65  6:05  Drone x2  
  65  6:06  Drone x2  
  65  6:09  Drone  
  65  6:10  Drone x2  
  72  6:12  Hydralisk Den  
  72  6:13  Glial Reconstitution  
  72  6:18  Zerg Ground Armor Level 1, Zerg Missile Weapons Level 2  
  71  6:21  Drone  
  71  6:22  Drone  
  71  6:24  Drone, Overlord  
  71  6:25  Roach x3  
  80  6:29  Overlord  
  80  6:30  Roach  
  82  6:40  Roach x5  
  82  6:41  Roach, Overseer  
  82  6:43  Overlord  
  94  6:52  Unknown, Muscular Augments  
  94  6:57  Hatchery  
  94  7:00  Roach x2  
  94  7:01  Roach x2  
  101  7:06  Roach  
  101  7:07  Roach x3  
  109  7:11  Overlord  
  109  7:15  Roach x4  
  117  7:25  Overlord  
  117  7:26  Overlord x2  
  117  7:28  Roach x2  
  121  7:37  Overlord  
  121  7:40  Hydralisk x4  
  129  7:44  Hydralisk x4  
  137  7:52  Overlord x2  
  137  7:57  Ravager  
  137  7:58  Ravager x3  
  141  8:01  Roach, Hydralisk x3  
  133  8:10  Drone x5  
  133  8:11  Drone x3  
  139  8:16  Ravager  
  139  8:17  Drone x2  
  142  8:24  Roach x6  
  151  8:31  Zerg Ground Armor Level 2  
  151  8:33  Drone x2  
  151  8:34  Drone  
  154  8:35  Ravager  
  154  8:40  Drone  
  156  8:41  Drone  
  156  8:42  Drone, Roach  
  156  8:43  Roach  
  156  8:47  Overlord  
  162  8:59  Overlord x2  
  162  9:02  Drone, Infestation Pit  
  161  9:03  Unknown x2  
  161  9:05  Ravager x2  
  161  9:08  Roach  
  161  9:09  Roach x7  
  176  9:17  Roach x6  
  188  9:29  Roach  
  188  9:30  Roach x8  
  200  9:36  Roach x3  
  198  9:46  Roach  
  186  10:01  Hive  
  186  10:04  Roach  
  186  10:05  Roach x8  
  192  10:10  Roach  
  192  10:11  Roach x6  
  183  10:15  Roach x3  
  183  10:20  Roach x3  
  183  10:33  Roach x7  
  183  10:34  Unknown  
  189  10:38  Hydralisk  
  189  10:41  Extractor x2  
  181  10:44  Drone x3  
  181  10:48  Hydralisk x2  
  181  10:49  Roach x5, Hatchery  
  185  11:17  Zerg Ground Armor Level 3, Zerg Missile Weapons Level 3  
  185  11:25  Drone x3  
  188  11:27  Pneumatized Carapace, Spine Crawler  
  188  11:28  Overseer x2  
  188  11:29  Spine Crawler  
  186  11:34  Extractor  
  186  11:35  Extractor  
  184  11:45  Hydralisk x3  
  184  11:46  Roach x5  
  200  12:01  Overlord x2  
  200  12:02  Overseer  
  194  12:18  Viper, Overlord x2  
  187  12:26  Viper x2, Overseer  
  187  12:29  Viper  
  182  12:38  Roach x9  
  196  13:08  Roach, Hydralisk x2  
  196  13:09  Roach  
  166  13:23  Drone x10  
  166  13:24  Hydralisk x3  
  166  13:25  Hydralisk x3  
  166  13:26  Roach x15  
  193  13:28  Queen  
  185  13:42  Unknown x2  
  185  13:45  Hydralisk x2  
  185  13:46  Roach  
  165  14:06  Hydralisk  
  165  14:07  Roach x7  
  176  14:14  Drone x4  
  177  14:19  Hydralisk  
  177  14:20  Roach  
  177  14:21  Roach x5  
  189  14:36  Roach, Hydralisk  
  189  14:37  Roach x3  
  189  14:40  Roach x2  
  189  14:41  Roach  
Tags
 
Add a new tag
Caveats
  • Supply blocks, unpowered buildings, or Contaminate may cause inaccurate times.
  • Supply counts are checked every 10 seconds.